Map: King's Cove LE

Players

llllllllllll - Winner!

  • Race: Terran Terran
  • League: Grandmaster
  • Spawn Location: 5:00

Silky

  • Race: Protoss Protoss
  • Spawn Location: 11:00

VOD

Have the link to the VOD?

Description

Time

  • Played on: March 19, 2019, 8:52 p.m.
  • Length: 10:18
Show
View Real Time Build Order
Export as new Build Order

llllllllllll Terran - Winner!

Build Orders: Reaper Expand, Mech 

Get SALT Encoding   

  12  0:01  SCV  
  13  0:13  SCV  
  14  0:18  Supply Depot  
  14  0:25  SCV  
  15  0:39  SCV  
  15  0:41  Barracks  
  16  0:44  Refinery  
  16  0:51  SCV  
  17  1:03  SCV  
  18  1:16  SCV  
  19  1:29  Orbital Command, Reaper  
  20  1:46  Command Center  
  20  1:56  Supply Depot  
  20  1:58  SCV  
  21  2:04  Marine  
  22  2:10  SCV  
  22  2:15  Factory  
  23  2:21  Refinery  
  23  2:25  Barracks Reactor  
  23  2:29  SCV  
  24  2:41  SCV  
  25  2:53  SCV  
  26  3:00  Starport, Widow Mine  
  26  3:04  Orbital Command  
  26  3:05  SCV  
  29  3:06  Marine  
  29  3:07  Marine  
  31  3:17  SCV  
  32  3:23  Widow Mine  
  32  3:24  Marine x2  
  36  3:29  SCV  
  36  3:30  SCV  
  36  3:32  Supply Depot  
  38  3:41  SCV  
  38  3:42  SCV  
  38  3:44  Marine x2  
  41  3:51  Viking  
  41  3:54  SCV x2  
  45  3:57  Supply Depot  
  45  4:01  Supply Depot  
  45  4:02  Factory Tech Lab  
  45  4:06  SCV  
  45  4:07  SCV  
  45  4:08  Marine x2  
  49  4:18  SCV  
  49  4:19  SCV  
  49  4:20  Supply Depot  
  51  4:25  Viking  
  51  4:30  SCV  
  51  4:31  SCV  
  55  4:32  Bunker  
  55  4:42  SCV  
  55  4:43  SCV  
  57  4:46  Marine x2  
  57  4:48  Siege Tank  
  62  4:54  SCV  
  62  4:55  SCV  
  64  5:06  SCV  
  65  5:07  SCV  
  65  5:09  Marine  
  65  5:10  Marine  
  68  5:18  SCV  
  68  5:19  SCV  
  68  5:21  Siege Tank  
  73  5:23  Command Center  
  73  5:29  Starport Tech Lab  
  73  5:30  SCV  
  73  5:31  SCV  
  73  5:33  Factory  
  73  5:34  Factory  
  75  5:36  Refinery  
  75  5:37  Refinery  
  75  5:42  Marine x2, SCV  
  77  5:46  Supply Depot  
  77  5:48  SCV, Supply Depot  
  79  5:55  SCV  
  80  5:59  Factory  
  80  6:00  SCV  
  80  6:01  Starport Reactor, Factory  
  81  6:06  Engineering Bay  
  81  6:07  SCV  
  82  6:12  SCV  
  82  6:17  Siege Tank  
  88  6:19  SCV  
  88  6:24  SCV  
  88  6:26  Siege Tank  
  88  6:27  Hellion x2  
  88  6:31  SCV  
  96  6:36  SCV  
  96  6:37  Supply Depot  
  97  6:43  SCV  
  98  6:49  SCV  
  99  6:54  Orbital Command  
  99  6:55  SCV  
  99  6:56  Siege Tank  
  99  6:57  Factory Tech Lab, Factory Reactor  
  99  6:58  Siege Tank  
  99  7:01  SCV  
  107  7:03  Refinery  
  107  7:05  Refinery  
  107  7:07  SCV, Supply Depot  
  108  7:11  Hellion  
  108  7:13  SCV  
  111  7:21  Armory, SCV  
  112  7:23  Armory  
  112  7:24  SCV  
  112  7:27  Siege Tank  
  112  7:28  Supply Depot, Hellion  
  112  7:29  Supply Depot, Hellion  
  120  7:32  SCV  
  120  7:33  Supply Depot  
  121  7:43  Siege Tank, Hellion  
  126  7:45  Hellion x2  
  126  7:49  Hellion  
  126  7:50  Siege Tank  
  135  7:53  Supply Depot  
  135  7:55  Supply Depot  
  135  7:59  Siege Tank  
  135  8:04  Hellion  
  140  8:08  Terran Vehicle Weapons Level 1, Supply Depot  
  140  8:10  Terran Vehicle And Ship Armor Level 1, Supply Depot  
  140  8:15  Siege Tank, Command Center  
  143  8:21  Hellion  
  143  8:22  Siege Tank, Hellion  
  143  8:23  Hellion  
  143  8:26  Hellion  
  154  8:32  Siege Tank  
  154  8:33  Infernal Pre-Igniter  
  155  8:43  Smart Servos, Hellion x2  
  155  8:44  Drilling Claws, Hellion  
  155  8:47  Hellion x2  
  163  8:58  Siege Tank  
  166  9:03  Supply Depot  
  166  9:04  Supply Depot x2, Hellion x3  
  166  9:06  Hellion  
  166  9:08  Siege Tank  
  173  9:18  Hellion  
  171  9:25  Siege Tank  
  171  9:26  Hellion  
  171  9:31  Siege Tank  
  179  9:35  SCV x3  
  179  9:38  Hellion x2  
  186  9:39  Hellion  
  186  9:40  Siege Tank  
  191  9:47  Hellion  
  200  10:06  Command Center  
Show
View Real Time Build Order
Export as new Build Order

Silky Protoss 

Build Orders: 1 Gate Expand, Oracle Opening, Zealot Archon 

Get SALT Encoding   

  12  0:00  Probe  
  13  0:13  Probe  
  14  0:18  Pylon  
  14  0:24  Probe  
  15  0:32  Probe  
  15  0:38  Gateway  
  15  0:42  Probe  
  16  0:43  Assimilator  
  17  0:54  Probe  
  18  1:06  Probe  
  19  1:18  Probe  
  19  1:25  Nexus  
  20  1:35  Cybernetics Core  
  20  1:39  Probe  
  21  1:44  Assimilator  
  21  1:52  Probe  
  22  1:54  Pylon  
  22  2:03  Adept  
  22  2:06  Probe  
  25  2:19  Probe  
  26  2:29  Warp Gate  
  26  2:32  Gateway  
  25  2:39  Adept  
  25  2:42  Probe  
  25  2:43  Stargate  
  29  2:55  Probe  
  28  2:59  Probe  
  30  3:09  Probe  
  30  3:11  Probe  
  32  3:17  Oracle  
  32  3:22  Probe  
  32  3:23  Probe, Gateway x2  
  37  3:34  Probe  
  38  3:35  Probe  
  38  3:36  Pylon  
  39  3:44  Oracle  
  39  3:48  Probe x2  
  44  3:57  Twilight Council  
  44  4:00  Probe x2  
  46  4:04  Pylon  
  46  4:13  Probe x2  
  46  4:16  Pylon  
  48  4:23  Sentry  
  48  4:24  Stalker x2  
  52  4:27  Blink  
  54  4:39  Probe  
  54  4:40  Probe  
  54  4:41  Nexus  
  56  4:58  Probe x2  
  58  5:01  Assimilator x2  
  58  5:06  Stalker  
  60  5:07  Pylon  
  60  5:11  Stalker  
  62  5:16  Pylon  
  63  5:21  Probe x2  
  63  5:27  Gateway  
  64  5:29  Gateway  
  64  5:30  Stalker  
  66  5:43  Probe x2  
  66  5:47  Gateway  
  66  5:49  Gateway  
  65  5:52  Stalker  
  65  5:55  Pylon, Stalker  
  65  5:56  Sentry  
  68  6:15  Probe x2  
  70  6:19  Forge  
  70  6:20  Forge  
  70  6:23  Probe x2, Zealot x2  
  70  6:25  Probe  
  74  6:31  Probe x2  
  77  6:34  Probe  
  80  6:41  Probe, Protoss Ground Weapons Level 1  
  80  6:43  Probe, Protoss Ground Armor Level 1  
  80  6:46  Probe  
  83  6:53  Probe  
  84  6:55  Probe  
  84  6:58  Probe  
  86  7:04  Nexus  
  86  7:05  Pylon  
  86  7:06  Probe  
  86  7:07  Probe  
  88  7:10  Probe  
  88  7:11  Templar Archives  
  88  7:14  Charge  
  89  7:20  Probe  
  89  7:22  Pylon  
  90  7:28  Probe x2  
  92  7:32  Probe  
  93  7:37  Pylon, Zealot x2  
  93  7:38  Pylon, Zealot, Assimilator  
  93  7:39  Assimilator  
  93  7:40  Probe  
  93  7:43  Probe  
  93  7:44  Probe  
  102  7:49  High Templar x3  
  102  7:51  Robotics Facility  
  105  7:52  Probe  
  105  7:56  High Templar  
  105  7:57  Archon  
  105  7:58  Probe x2  
  110  8:03  Pylon  
  110  8:04  Probe  
  111  8:08  Archon  
  111  8:10  Probe x2, Zealot x3  
  119  8:16  Probe  
  119  8:18  Gateway x2  
  120  8:22  Gateway  
  120  8:26  Gateway  
  120  8:27  Gateway  
  120  8:36  Pylon  
  120  8:37  Pylon  
  120  8:47  Robotics Bay  
  120  8:53  Observer  
  120  8:54  Zealot, High Templar x2  
  120  8:55  Zealot x4  
  135  8:58  Photon Cannon  
  135  9:01  Photon Cannon  
  135  9:03  Archon  
  135  9:06  Photon Cannon  
  135  9:09  Shield Battery  
  135  9:11  Probe x4  
  139  9:23  Observer  
  139  9:24  Robotics Facility  
  140  9:28  High Templar x3  
  140  9:30  Zealot x4  
  140  9:31  Zealot x3  
  156  9:34  Archon  
  156  9:36  Assimilator  
  156  9:37  Assimilator  
  156  9:38  Photon Cannon  
  156  9:40  High Templar  
  158  9:45  Archon  
  158  9:48  Stalker  
  159  10:01  Zealot x4  
  159  10:02  Zealot x4  
Tags
 
Add a new tag
Caveats
  • Supply blocks, unpowered buildings, or Contaminate may cause inaccurate times.
  • Supply counts are checked every 10 seconds.